[Event "FIDE WCCC U12 2018"]
[Site "Santiago de Compostela"]
[Date "2018.11.10"]
[Round "6"]
[White "Chen, Max"]
[Black "Tashev, Aleksandar"]
[Result "1-0"]
[ECO "B30"]
[WhiteElo "1910"]
[BlackElo "2211"]
[Annotator "ChessBase"]
[PlyCount "51"]
[EventDate "2018.11.04"]
[EventType "swiss"]
[EventCountry "ESP"]
[SourceTitle "playchess.com"]
[Source "ChessBase"]
[SourceQuality "1"]
[TimeControl "40/5400+30:1800+30"]

1. e4 c5 2. Nf3 Nc6 3. Bb5 e5 4. O-O Nge7 5. c3 g6 6. d4 cxd4 7. cxd4 exd4 8. Nxd4 Bg7 9. Be3 O-O 10. Nc3 d5 11. exd5 Nxd5 12. Nxc6 bxc6 13. Nxd5 cxb5 14. Bc5 Re8 15. Be7 Qd7 16. Rc1 Kh8 17. Nc7 Qxe7 18. Nxa8 Bb7 19. Re1 Qxe1+ 20. Qxe1 Rxe1+ 21. Rxe1 Bf6 22. Nc7 a6 23. Re8+ Kg7 24. Rb8 Bc6 25. Rb6 Bd7 26. Rd6 1-0

[Event "FIDE WCCC U12 2018"]
[Site "Santiago de Compostela"]
[Date "2018.11.10"]
[Round "6"]
[White "Zhao, Jeffrey Renfei"]
[Black "Creanga, Robert-Ionut"]
[Result "1/2-1/2"]
[ECO "B33"]
[WhiteElo "1889"]
[BlackElo "2066"]
[Annotator "NA RC"]
[PlyCount "127"]
[EventDate "2018.11.04"]
[EventType "swiss"]
[EventCountry "ESP"]
[SourceTitle "playchess.com"]
[Source "ChessBase"]
[SourceQuality "1"]
[TimeControl "40/5400+30:1800+30"]

1. e4 c5 2. Nf3 Nc6 3. d4 cxd4 4. Nxd4 Nf6 5. Nc3 e5 6. Ndb5 d6 7. Bg5 a6 8. Na3 b5 9. Nd5 Be7 10. Bxf6 Bxf6 11. c4 b4 {[%emt 0:00:04] B33: Sizilianisch (Lasker/Pelikan/Sweschnikow-Variante)} 12. Nc2 O-O 13. g3 a5 14. Bg2 Bg5 15. O-O Ne7 16. Qd3 (16. Nce3 Bxe3 17. Nxe3 Be6 18. Rc1 Nc6 19. Nf5 {1-0 (54) Harikrishna,P (2744)-Yu,Y (2751) Huaian 2017}) 16... Nxd5 17. Qxd5 Be6 18. Qd3 Qc7 $146 ({Vorgänger:} 18... Qb6 19. Rfd1 Rad8 20. Re1 Kh8 {0-1 (30) Schulze,L (1920)-Wielebinski,P (2058) Verden 2017}) 19. b3 Qc5 20. Rad1 Rad8 21. Kh1 Kh8 22. f4 exf4 23. gxf4 Be7 24. Ne3 f5 25. exf5 Bxf5 26. Be4 Bxe4+ 27. Qxe4 Rde8 28. Nd5 Bd8 29. Qd3 Qc8 30. Rfe1 Bh4 31. Rg1 Bf2 32. Rg5 h6 33. Rg2 Bc5 34. Qg6 Qd7 35. Rf1 Qf7 36. Qg3 Bd4 37. Rd2 Bc5 38. Rdd1 Qf5 39. Rfe1 Qf7 40. Rxe8 Rxe8 41. Re1 Rxe1+ 42. Qxe1 Qh5 43. Qe4 Qd1+ 44. Kg2 Qg4+ 45. Kf1 Qd1+ 46. Kg2 Qg4+ 47. Kf1 Qg1+ 48. Ke2 Qxh2+ 49. Kd3 Qg3+ 50. Kd2 Qf2+ 51. Kd3 Qg1 52. Ke2 Qd4 53. Qe6 Qf2+ 54. Kd1 $1 Qd4+ 55. Kc2 Qf2+ 56. Kd1 Qg1+ 57. Kc2 Qg2+ 58. Kd3 Kh7 59. Ne7 Qf3+ 60. Kd2 Qxf4+ 61. Kc2 Qf2+ 62. Kb1 Qf1+ 63. Kc2 Qg2+ $11 {[%emt 0:00:37] Kd2 Qf3} 64. Kb1 1/2-1/2

[Event "FIDE WCCC U12 2018"]
[Site "Santiago de Compostela"]
[Date "2018.11.10"]
[Round "6"]
[White "Yavuz, Efe Metehan"]
[Black "Yu, Jason"]
[Result "1-0"]
[ECO "C47"]
[WhiteElo "1828"]
[BlackElo "2097"]
[Annotator "NA RC"]
[PlyCount "105"]
[EventDate "2018.11.04"]
[EventType "swiss"]
[EventCountry "ESP"]
[SourceTitle "playchess.com"]
[Source "ChessBase"]
[SourceQuality "1"]
[TimeControl "40/5400+30:1800+30"]

1. e4 e5 2. Nf3 Nc6 3. Nc3 Nf6 4. d4 exd4 5. Nxd4 Bc5 6. Be3 Bb4 {[%emt 0:03:58] C47: Scotch Four Knights and Four Knights with 4 g3} (6... Bb6 7. Qd2 Ng4 8. Nxc6 dxc6 9. Qxd8+ Kxd8 10. Rd1+ Ke7 11. Bxb6 axb6 12. h3 Nf6 13. Be2 b5 14. a3 g5 {½-½ (39) Potapov,P (2515)-Chigaev,M (2599) Sochi 2018}) 7. Nxc6 Bxc3+ 8. bxc3 bxc6 9. Bd3 Qe7 10. O-O O-O 11. Re1 $146 ({Predecessor:} 11. Bg5 Qe5 12. Bh4 Qxc3 13. f4 d6 14. Qf3 Ng4 15. h3 Qc5+ 16. Kh1 Qh5 17. Qg3 Nh6 18. f5 Kh8 19. Rae1 {1-0 (30) Danhel,L (1681)-Svoboda,J (1586) Prague 2014}) 11... d6 12. f3 c5 13. Bf2 Re8 14. Qd2 h6 15. h3 Bb7 16. Bg3 Qd7 17. Bc4 Nh5 18. Bf2 Re5 19. Rab1 Bc6 20. Be2 g5 21. Be3 Rae8 22. Bc4 Kh8 23. Rbd1 Qe7 24. Bd4 cxd4 25. cxd4 Rb5 26. d5 Bd7 27. Bxb5 Bxb5 28. Qd4+ f6 29. a4 Bd7 30. Rb1 a5 31. Rb7 Rc8 32. Reb1 Nf4 33. Kf2 Kh7 34. Rb8 c5 35. Qc3 Rxb8 36. Rxb8 Bxa4 $2 (36... Be8 $11) 37. Qxa5 Bd7 38. Qd8 Qxd8 39. Rxd8 Ba4 40. Rxd6 Bxc2 41. Rxf6 Kg7 42. Rb6 Ba4 43. g3 Nd3+ 44. Ke2 c4 45. Ke3 Ne1 46. Rb7+ Kf6 47. Rc7 (47. Rb6+ Ke7) 47... Bb3 48. Rc6+ Ke7 49. e5 Nc2+ 50. Ke4 Nb4 51. Rc7+ Kd8 {[%emt 0:00:18] [#]} 52. d6 $1 Na2 53. e6 1-0

[Event "FIDE WCCC U12 2018"]
[Site "Santiago de Compostela"]
[Date "2018.11.10"]
[Round "6"]
[White "Ohanyan, Emin"]
[Black "Maurizzi, Marc Andria"]
[Result "0-1"]
[ECO "C11"]
[WhiteElo "1742"]
[BlackElo "2103"]
[Annotator "ChessBase"]
[PlyCount "101"]
[EventDate "2018.11.04"]
[EventType "swiss"]
[EventCountry "ESP"]
[SourceTitle "playchess.com"]
[Source "ChessBase"]
[SourceQuality "1"]
[TimeControl "40/5400+30:1800+30"]

1. e4 e6 2. d4 d5 3. Nc3 Nf6 4. e5 Nfd7 5. f4 c5 6. Nf3 Nc6 7. Be3 Be7 8. Qd2 O-O 9. dxc5 Qa5 10. Nb5 Qxd2+ 11. Kxd2 Nxc5 12. Bd3 Bd7 13. Nbd4 Rac8 14. a3 a5 15. Rhb1 a4 16. Rf1 Na5 17. Rae1 Nc4+ 18. Bxc4 dxc4 19. Bg1 Rfd8 20. g4 Bc6 21. Kc3 Bd5 22. f5 Ne4+ 23. Rxe4 Bxe4 24. fxe6 fxe6 25. Nxe6 Rd5 26. Bd4 Rc6 27. Nf4 Rd8 28. Nd2 Bg6 29. Nf3 Rf8 30. Nd5 Bd8 31. Nb4 Rc8 32. Nd2 Rxf1 33. Nxf1 Kf7 34. Ne3 Ke6 35. Ned5 Bf7 36. Nf4+ Kd7 37. Be3 Bc7 38. Bd4 Re8 39. e6+ Bxe6 40. Nxe6 Rxe6 41. Kxc4 Bxh2 42. Nd3 Rg6 43. Be5 Rxg4+ 44. Kc3 Rg2 45. Bd4 Bd6 46. Ne1 Rg4 47. Nd3 h5 48. Kc4 h4 49. Kd5 h3 50. Be5 Rg5 51. Kd4 0-1

[Event "FIDE WCCC U12 2018"]
[Site "Santiago de Compostela"]
[Date "2018.11.10"]
[Round "6"]
[White "Zhakshylykov, Erzhan"]
[Black "Stalmach, Richard"]
[Result "1/2-1/2"]
[ECO "B22"]
[WhiteElo "1526"]
[BlackElo "2028"]
[Annotator "NA"]
[PlyCount "68"]
[EventDate "2018.11.04"]
[EventType "swiss"]
[EventCountry "ESP"]
[SourceTitle "playchess.com"]
[Source "ChessBase"]
[SourceQuality "1"]
[TimeControl "40/5400+30:1800+30"]

1. e4 c5 2. c3 Nf6 3. e5 Nd5 4. d4 cxd4 5. cxd4 Nc6 6. Nf3 d6 7. Bc4 e6 8. O-O Be7 9. Qe2 O-O 10. Nc3 Nxc3 11. bxc3 dxe5 12. dxe5 b6 13. Rd1 Qc7 14. Bd3 Bb7 15. Qe4 g6 16. Bh6 Rfd8 17. Qf4 Rd5 18. Be4 Rc5 19. Rd3 Rd8 20. Rxd8+ Nxd8 21. Bxb7 Nxb7 22. Qa4 Bf8 23. Bxf8 Kxf8 24. Rd1 Rxc3 25. Qxa7 Kg7 26. h3 Rc2 27. Rb1 Qc5 28. Qxb6 Rxa2 29. Nd4 Qxe5 30. Nxe6+ Kh6 31. Qxb7 Qxe6 32. Qb4 Qf6 33. Qf8+ Qg7 34. Qc5 Qf6 1/2-1/2

[Event "FIDE WCCC U12 2018"]
[Site "Santiago de Compostela"]
[Date "2018.11.11"]
[Round "7"]
[White "Creanga, Robert-Ionut"]
[Black "Kalosha, Zhiulien Oleksii"]
[Result "1-0"]
[ECO "A65"]
[WhiteElo "2066"]
[BlackElo "1637"]
[Annotator "NA RC"]
[PlyCount "99"]
[EventDate "2018.11.04"]
[EventType "swiss"]
[EventCountry "ESP"]
[SourceTitle "playchess.com"]
[Source "ChessBase"]
[SourceQuality "1"]
[TimeControl "40/5400+30:1800+30"]

1. d4 Nf6 2. c4 c5 3. d5 e6 4. Nc3 exd5 5. cxd5 d6 6. e4 g6 7. f3 Bg7 8. Nge2 O-O 9. Ng3 a6 10. a4 Re8 {[%emt 0:08:23] A65: Modern Benoni: 6 e4} 11. Be2 h5 12. O-O {[%emt 0:19:49] LiveBook: 8 Games} Nh7 13. Nh1 Bd4+ 14. Nf2 Nd7 {[%emt 0:02:45] [#]} 15. Bf4 $146 ({Predecessor:} 15. Kh1 Qh4 16. Nd3 Ne5 17. Qe1 Qf6 18. Nxe5 Bxe5 19. Bd3 Bd7 {1-0 (36) Vitiugov,N (2734)-Gundavaa,B (2516) Khanty-Mansiysk 2013}) 15... Qf6 16. Qd2 Ne5 17. Ncd1 Bd7 18. Be3 Bxe3 19. Nxe3 b5 20. axb5 Bxb5 21. Ra5 Rab8 22. Bxb5 axb5 23. Qe2 c4 (23... Nc4 $5 24. Ra2 (24. Nxc4 bxc4 25. Qxc4 Rxb2 $11) 24... Ra8 25. Rxa8 Rxa8 $14) 24. Nc2 Rec8 25. Nb4 Nf8 (25... Ra8 $11 26. Rxb5 Rcb8 27. Rxb8+ Rxb8) 26. Nd1 Qd8 27. Ra1 Qb6+ 28. Qe3 Qxe3+ (28... Qc5 $5 29. Na6 Qxe3+ 30. Nxe3 Rb6 $11) 29. Nxe3 c3 {[%emt 0:00:12] [#]} (29... Ra8 $11 {hält das Gleichgewicht.}) 30. b3 $1 Kg7 31. Ra6 (31. h3 $16) 31... Ra8 ({Black should try} 31... Nfd7 $14) 32. Rfa1 (32. Rxd6 $18 f6 33. Rb1) 32... Rxa6 33. Rxa6 Nfd7 34. Rxd6 Nc5 35. f4 Ng4 36. Nxg4 hxg4 37. e5 Ne4 $2 (37... Kf8 $16 {might work better.}) 38. Rc6 Ra8 39. Kf1 Ra1+ (39... g5 $18 40. fxg5 Re8) 40. Ke2 Kf8 (40... g3 $142 41. hxg3 Nxg3+ 42. Kf2 Ne4+ 43. Ke3 f5) 41. d6 Ra7 42. Rc7 c2 43. Nxc2 Ra8 44. Ke3 g3 45. h3 Nf2 46. Nb4 Ra3 47. Rc8+ (47. d7 $142 Rxb3+ 48. Kd2 Ne4+ 49. Kc2 g5 50. d8=Q+ Kg7 51. Kxb3 gxf4 52. e6) 47... Kg7 48. d7 Rxb3+ 49. Ke2 Rb2+ 50. Rc2 $18 (50. Nc2 $142 Rxc2+ 51. Rxc2 g5 52. d8=Q Ne4 53. f5 g4 54. Rc8 Nc3+ 55. Kf1 Kh6 56. Qh4+ Kg7 57. Qh8#) 1-0

[Event "FIDE WCCC U12 2018"]
[Site "Santiago de Compostela"]
[Date "2018.11.11"]
[Round "7"]
[White "Stalmach, Richard"]
[Black "Arfan, Aditya Bagus"]
[Result "1-0"]
[ECO "E81"]
[WhiteElo "2028"]
[BlackElo "1841"]
[Annotator "NA RC"]
[PlyCount "135"]
[EventDate "2018.11.04"]
[EventType "swiss"]
[EventCountry "ESP"]
[SourceTitle "playchess.com"]
[Source "ChessBase"]
[SourceQuality "1"]
[TimeControl "40/5400+30:1800+30"]

1. d4 Nf6 2. c4 g6 3. Nc3 Bg7 4. e4 d6 5. f3 O-O 6. Be3 c5 {[%emt 0:04:52] LiveBook: 1829 Games} 7. Nge2 Nc6 8. Qd2 ({White should play} 8. d5 $14 Ne5 9. Ng3) 8... Bd7 9. O-O-O cxd4 10. Nxd4 a6 11. h4 {[%emt 0:09:37] B38: Sicilian: Maroczy Bind with 5...Bg7 and 7...0-0} (11. Nxc6 Bxc6 12. h4 Qa5 13. Kb1 Rfc8 14. Bg5 b5 15. h5 bxc4 16. hxg6 hxg6 17. Bh6 Bh8 18. Bxc4 Ba4 19. Nxa4 Qxa4 {1-0 (44) Sammour Hasbun,J (2460)-Lee,M (2358) Ledyard 2009}) 11... h5 12. Bh6 $146 ({Predecessor:} 12. Kb1 Nxd4 13. Bxd4 Be6 14. Be3 b5 15. cxb5 axb5 16. Bxb5 Qa5 17. a4 Rfb8 {½-½ (39) Baldwin del Castillo,R-Sanchez Delgado,L (2053) Collado Villalba 2007}) 12... Ne5 13. Nd5 Rc8 14. Nxf6+ exf6 15. Bxg7 Kxg7 16. b3 {[%emt 0:00:24] [#]} b5 $1 17. f4 Nc6 18. Kb2 Bg4 19. Re1 Qb6 20. Nxc6 Rxc6 21. Qe3 Qa5 22. Bd3 (22. Rc1 $15) 22... Rb8 23. Rc1 Be6 24. cxb5 Rxc1 25. Rxc1 axb5 26. Rc2 ({But not} 26. f5 Ra8 $17) 26... Ra8 27. Kc1 Qa3+ 28. Kd1 d5 29. e5 Bg4+ 30. Be2 Bf5 31. exf6+ Kg8 32. Bd3 Bg4+ 33. Ke1 Qd6 (33... Qb4+ $1 $11 34. Kf1 Bd7) 34. Qe5 Qb4+ 35. Kf2 Bd7 36. g3 ({Weaker is} 36. Qxd5 Re8 $14) (36. Bxg6 $18 {is the precise move to win.} Re8 37. Bxf7+ Kxf7 38. Qxh5+ Kxf6 39. Qg5+ Kf7 40. Qxd5+ Kf8 41. Qc5+ Qxc5+ 42. Rxc5) 36... Re8 {[%emt 0:00:57] [#]} 37. Qc3 $1 ({Jedoch nicht} 37. Qxd5 $2 Qe1+ 38. Kg2 Re3 $19) 37... Qa3 $2 (37... Qxc3 {was called for.} 38. Rxc3 Ra8) 38. Qd4 $2 (38. Qc7 $18 {and the rest is easy.} Bg4 {[#]} 39. Bxg6 $1 (39. Bxb5 Rc8 $17)) 38... Qa5 {[%emt 0:00:45] [#]} (38... Qd6 $16 {was called for.}) 39. Re2 (39. b4 $1 $16 Qa6 40. Rd2 (40. Qxd5 Qa7+ 41. Qc5 Qa6 $14)) 39... Be6 $2 {[%emt 0:00:11] [#]} (39... Rxe2+ $11 40. Bxe2 Qxa2) 40. f5 $1 Bd7 41. fxg6 Rxe2+ 42. Bxe2 Be6 43. Qe3 Qxa2 44. gxf7+ Bxf7 45. Qh6 Qa7+ 46. Kg2 Be6 47. Qg6+ $2 ({Günstiger ist} 47. Qg5+ $18 Kh8 48. Bxh5) 47... Kf8 48. Qh6+ $2 (48. Bxh5 $18 Qd7 49. Qh6+ Kg8 50. Bg6) 48... Kg8 49. Qg6+ Kf8 50. Qxh5 Qf7 51. Qh6+ Kg8 52. Bxb5 d4 53. Qg5+ $2 ({White should play} 53. b4 $18 Qb7+ 54. Kf2) 53... Kh8 {[%emt 0:01:01] [#]} 54. Qh6+ $2 (54. Bc4 $1 $18 Bxc4 {[#]} 55. Qg7+ $1 Qxg7 56. fxg7+ Kxg7 57. bxc4) 54... Kg8 55. Qg5+ Kh8 56. Qg7+ Qxg7 57. fxg7+ Kxg7 58. Bc4 Bg4 59. Kf2 Kf6 60. Be2 Bf5 61. Bf3 Ke5 62. b4 Kd6 63. Ke2 $18 Kc7 64. Kd2 Kb6 65. g4 Bh7 66. h5 Kb5 67. g5 Kxb4 68. g6 1-0

[Event "FIDE WCCC U12 2018"]
[Site "Santiago de Compostela"]
[Date "2018.11.11"]
[Round "7"]
[White "Paduano, Claudio"]
[Black "He, Canzhou"]
[Result "1/2-1/2"]
[ECO "D87"]
[WhiteElo "2017"]
[BlackElo "1548"]
[Annotator "NA RC"]
[PlyCount "168"]
[EventDate "2018.11.04"]
[EventType "swiss"]
[EventCountry "ESP"]
[SourceTitle "playchess.com"]
[Source "ChessBase"]
[SourceQuality "1"]
[TimeControl "40/5400+30:1800+30"]

1. d4 Nf6 2. c4 g6 3. Nc3 d5 4. cxd5 Nxd5 5. e4 Nxc3 6. bxc3 Bg7 7. Bc4 O-O 8. Ne2 c5 9. O-O Nc6 10. Be3 Bg4 11. f3 cxd4 12. cxd4 Na5 13. Bxf7+ Rxf7 14. fxg4 Rxf1+ 15. Kxf1 Qd7 16. h3 {LiveBook: 9 Games} Nc4 {D88: Exchange Grünfeld: Classical Line: 10 Be3 cxd4 11 cxd4} 17. Qd3 b5 18. Bf2 (18. Kg1 Nxe3 19. Qxe3 Rc8 20. Kh1 Qe6 21. Ng1 Rc2 22. Nf3 Qc4 23. e5 Rxa2 24. Rxa2 Qxa2 {0-1 (50) Corrales Jimenez,F (2586)-Bacallao Alonso,Y (2438) Las Tunas 2009}) 18... Kh8 $146 (18... Rc8 $14) ({Predecessor:} 18... e6 19. Kg1 Rf8 20. a4 a6 21. axb5 axb5 22. g5 Kh8 23. Rb1 Ra8 24. Qb3 Nd2 25. Qxb5 Qxb5 26. Rxb5 Ra1+ 27. Kh2 Nf1+ 28. Kh1 Ng3+ 29. Kh2 Nf1+ {½-½ (29) Andreev,S (2130)-Filev,G (2305) Sofia 2004}) 19. a4 a6 20. axb5 Qxb5 21. Kg1 Rc8 22. Rc1 Nd6 23. Rxc8+ Nxc8 24. Qxb5 axb5 25. Be1 e5 26. dxe5 (26. d5 $16) 26... Bxe5 27. Bc3 ({Better is} 27. Kf2 $14) 27... Bxc3 28. Nxc3 b4 29. Nd5 b3 30. Kf2 Nb6 (30... b2 $5 31. Nc3 $8 Nd6 $11) 31. Nc3 Kg7 32. g5 b2 33. Ke2 Na4 34. Nb1 Kf7 35. Ke3 Ke6 36. Kd4 Nb6 37. Nd2 Nd7 38. Kc3 Ke5 39. Kxb2 Nc5 40. Kc2 Kf4 41. Nf3 Nxe4 42. h4 Ng3 43. Kd3 Nf5 44. Ke2 Kg3 45. Kd3 Nxh4 46. Ke4 Nxg2 47. Nd4 $2 (47. Ne5 $17 {only move.}) 47... Nf4 48. Nf3 Kg4 49. Ne5+ Kxg5 50. Nf3+ Kg4 51. Nh2+ Kg3 52. Nf1+ Kf2 53. Ne3 g5 54. Ng4+ Kg3 55. Nh6 Nh3 56. Kf5 Kh4 57. Kf6 Nf4 (57... Nf2 $17 58. Kg7 Ne4 59. Kxh7 Kh5) 58. Kg7 $1 Ne6+ 59. Kxh7 Kh5 60. Nf5 (60. Ng8 $1 $11 {remains equal.}) 60... g4 61. Ng3+ Kg5 ({Lieber} 61... Kh4 $17 62. Ne2 Kg5) 62. Ne4+ $2 {[#]} (62. Ne2 $15) 62... Kh4 $2 (62... Kf5 $1 {setzt Matt} 63. Ng3+ Kf4 64. Nf1 Nd4 65. Kg6 Nf5 66. Kf7 Ne3 67. Nd2 g3 68. Nb3 Nf5 69. Nc5 g2 70. Nd3+ Ke3 71. Nc5 g1=Q 72. Kf6 Nd4 73. Ne6 Qf2+ 74. Ke7 Qh4+ 75. Kf7 Qh5+ 76. Ke7 Qe5 77. Ke8 Qxe6+ 78. Kd8 Qf7 79. Kc8 Qe7 80. Kb8 Nb5 81. Kc8 Qc7#) 63. Kg6 {[#]} Nc5 $1 64. Nd6 Kh3 65. Nf5 Ne4 66. Ne3 (66. Nd4 $11 {keeps the balance.}) 66... g3 67. Kf5 Nd2 68. Nd5 Kg2 $17 (68... Kh2 $2 69. Nf4 $19) 69. Kg4 Nc4 70. Nf4+ Kh2 71. Kf3 Ne5+ 72. Ke4 Ng4 73. Kf3 Nh6 74. Ke2 Nf5 75. Kf3 Nd4+ 76. Ke4 Nb3 77. Kf3 Nd2+ 78. Ke2 Ne4 79. Kf1 Nf6 80. Ng2 Ne4 81. Ne3 Nf2 82. Ke2 Kh1 83. Kf3 Nd1 84. Kxg3 Nxe3 1/2-1/2

[Event "FIDE WCCC U12 2018"]
[Site "Santiago de Compostela"]
[Date "2018.11.11"]
[Round "7"]
[White "Sahakyan, Aleks"]
[Black "Milikow, Elie"]
[Result "0-1"]
[ECO "B31"]
[WhiteElo "1951"]
[BlackElo "2173"]
[Annotator "RC"]
[PlyCount "64"]
[EventDate "2018.11.04"]
[EventType "swiss"]
[EventCountry "ESP"]
[SourceTitle "playchess.com"]
[Source "ChessBase"]
[SourceQuality "1"]
[TimeControl "40/5400+30:1800+30"]

1. e4 c5 2. Nf3 Nc6 3. Bb5 g6 4. Bxc6 bxc6 5. O-O Bg7 6. Re1 Nh6 7. d3 d6 8. h3 O-O 9. Nbd2 f5 10. Nc4 e5 11. Bd2 Nf7 12. Ba5 Qf6 13. c3 Ba6 14. Ne3 h5 15. Nc2 g5 16. Nh2 Nh6 17. f3 g4 18. exf5 gxh3 19. g4 Nxf5 20. gxf5 Qg5+ 21. Ng4 hxg4 22. fxg4 Bxd3 23. Ne3 Bxf5 24. Bc7 h2+ 25. Kh1 Be4+ 26. Ng2 Bf3 27. Qb3+ d5 28. Qa4 Bxg2+ 29. Kxg2 h1=Q+ 30. Rxh1 Qd2+ 31. Kh3 Rf3+ 32. Kh4 Qh6# 0-1

[Event "FIDE WCCC U12 2018"]
[Site "Santiago de Compostela"]
[Date "2018.11.11"]
[Round "7"]
[White "Nahornyi, Ihor"]
[Black "Silich, Yahor"]
[Result "0-1"]
[ECO "B34"]
[WhiteElo "1900"]
[BlackElo "2058"]
[Annotator "NA RC"]
[PlyCount "196"]
[EventDate "2018.11.04"]
[EventType "swiss"]
[EventCountry "ESP"]
[SourceTitle "playchess.com"]
[Source "ChessBase"]
[SourceQuality "1"]
[TimeControl "40/5400+30:1800+30"]

1. e4 c5 2. Nf3 Nc6 3. d4 cxd4 4. Nxd4 g6 5. Nc3 Bg7 6. Nb3 Nf6 7. Be2 O-O 8. O-O d6 9. Bg5 a6 10. Re1 Be6 {[%emt 0:01:25] B70: Sicilian Dragon: 6 g3 and 6 Be2 (without a later Be3)} 11. Bf1 h6 12. Bh4 Rc8 13. f4 (13. Nd5 Bxd5 14. exd5 Ne5 15. c3 Nc4 16. Rb1 Re8 17. Qf3 Ne5 18. Qd1 Qd7 {½-½ (18) Rublevsky,S (2692)-Morozevich,A (2683) Cheboksary 2016}) 13... b5 $146 ({Predecessor:} 13... Ng4 14. Kh1 Bxb3 15. axb3 h5 16. h3 Nh6 17. Bc4 Nb4 18. Ra4 Nxc2 19. Qxc2 {1-0 (28) Puppi Lazo,J (1873)-Rodas Quilca,C Lima 2012}) 14. Nd5 Bxd5 15. exd5 Na5 ({Don't play} 15... Nb4 16. Bxf6 Nxc2 17. Bxg7 $16 (17. Bxe7 Qb6+ 18. Kh1 Rfe8 $14)) 16. Nxa5 Qxa5 17. c3 b4 18. c4 $1 Rfe8 19. Qd2 Qa4 20. a3 b3 21. Re3 Rb8 22. Rae1 Qd7 23. Rd3 Qf5 24. Qe2 Qxf4 25. Rh3 Qd4+ (25... Ng4 $19 26. Rd1 h5) 26. Bf2 Qg4 27. Re3 (27. Rf3 $142) 27... Qxe2 28. Bxe2 Nd7 29. Bd1 Nc5 30. Rf3 Bxb2 31. Bxc5 dxc5 32. Bxb3 Bd4+ ({Much weaker is} 32... Bxa3 $6 33. Ba4 $11) 33. Kf1 Kf8 34. h4 h5 35. Bc2 Rb6 36. Rb1 Rxb1+ 37. Bxb1 Kg7 38. Rb3 Rd8 39. Ke2 Bf6 40. g3 Be5 41. Kf3 Bd6 42. Bc2 Rb8 43. Rxb8 Bxb8 44. Ba4 $1 Be5 45. Bc6 a5 46. a4 Bc3 47. Ke4 Be1 48. Kf4 Kf6 49. Be8 Bd2+ 50. Kf3 Bc3 51. Kf4 Be5+ 52. Kf3 Bd6 53. Kf2 Kg7 (53... e5 $15 54. dxe6 Kxe6) 54. Kf3 Be5 55. Kf2 Bc3 56. Kf3 $1 Bd2 57. Ke2 Bc1 58. Kf3 Bb2 59. Kf4 Bc3 60. Kf3 Be1 61. Kf4 Kf6 62. Kf3 $1 Bd2 63. Ke2 Bc1 64. Kf3 Ba3 65. Ke4 Bb2 66. Kf4 Bc3 67. Kf3 Be1 68. Kf4 Bc3 69. Kf3 Be5 70. Kf2 Bc7 71. Kf3 Bd6 72. Kf2 Kg7 73. Kf3 Kf8 74. Bd7 Be5 75. Kf2 f5 76. Kf3 Kf7 77. Bc8 Bc3 78. Bd7 $1 $11 Be1 79. Kf4 Bd2+ 80. Ke5 Be1 81. Kf4 Bc3 82. Bc6 Bd2+ 83. Ke5 Be1 84. Kf4 $1 Bf2 85. Bd7 Be1 86. Bc6 Kf6 87. Be8 Bd2+ 88. Kf3 Bc1 89. Bd7 Ke5 90. Be8 Kd4 91. Bb5 Kd3 92. Be8 Kxc4 93. Bxg6 Kb3 ({Less strong is} 93... Kxd5 94. Bxf5 Kc4 95. Bc2 $17) 94. Bxh5 Kxa4 95. Bg6 Kb3 96. Bxf5 a4 97. g4 a3 98. Bb1 Kb2 $19 (98... a2 $142 99. Bxa2+ Kxa2 100. h5 c4 101. Ke4 Bb2 102. g5 c3 103. g6 c2 104. Kf5 c1=Q 105. Ke6 Qg5 106. Kd7 Ba3 107. Ke6 Qxh5 108. g7 Qg6+ 109. Kd7 Qxg7 110. Kc7 e5+ 111. Kc6 Qe7 112. d6 Qxd6+ 113. Kb7 Bc5 114. Kc8 Qc6+ 115. Kb8 Qd7 116. Ka8 Qc8#) 0-1

[Event "FIDE WCCC U12 2018"]
[Site "Santiago de Compostela"]
[Date "2018.11.11"]
[Round "7"]
[White "Ristic, Luka"]
[Black "Mekhane, Adam"]
[Result "1/2-1/2"]
[ECO "C48"]
[WhiteElo "1897"]
[BlackElo "2065"]
[Annotator "NA RC"]
[PlyCount "65"]
[EventDate "2018.11.04"]
[EventType "swiss"]
[EventCountry "ESP"]
[SourceTitle "playchess.com"]
[Source "ChessBase"]
[SourceQuality "1"]
[TimeControl "40/5400+30:1800+30"]

1. e4 e5 2. Nf3 Nc6 3. Nc3 Nf6 4. Bb5 Nd4 5. Bc4 Bc5 6. d3 d6 7. Nxd4 Bxd4 {[%emt 0:03:09] C48: Four Knights: 4 Bb5, replies other than 4...Bb4} 8. Ne2 {[%emt 0:00:39] LiveBook: 3 Games} Bb6 9. O-O (9. h3 d5 10. exd5 Nxd5 11. O-O O-O 12. d4 exd4 13. Nxd4 Nb4 14. c3 Bxd4 15. cxd4 {½-½ (27) Abdusattorov,N (2534)-Wagner,D (2558) Biel 2018}) 9... h6 10. h3 O-O 11. Ng3 $146 ({Predecessor:} 11. a4 a5 12. Ng3 Be6 13. Ba2 Qd7 14. Bxe6 fxe6 15. Qe2 Qf7 16. Be3 Bxe3 17. Qxe3 Nh5 18. Nxh5 Qxh5 19. f4 exf4 20. Rxf4 Rxf4 21. Qxf4 Qc5+ 22. Qf2 Qxf2+ {½-½ (22) Joergensmann,R (1821)-Nolting,B (1743) Germany 2003}) 11... Be6 12. Qf3 Qd7 {[%emt 0:05:24] [#]} (12... c6 $11) 13. Bxh6 $1 d5 14. exd5 Nxd5 $2 (14... Bxd5 $16 {is a better chance.} 15. Bxd5 Qxd5) 15. Nh5 Nf4 16. Bxf4 (16. Bxg7 $142 Nxh5 17. Bxf8 (17. Qxh5 Kxg7 18. Qxe5+ Kg6 $14)) 16... exf4 17. Qxf4 Bxc4 18. dxc4 ({Don't do} 18. Qxc4 $6 Qf5) 18... Qd4 19. Qxd4 Bxd4 20. c3 Be5 21. f4 Bd6 22. Rad1 Rad8 23. b4 $16 b6 24. g3 f5 25. g4 fxg4 26. hxg4 Bxf4 27. Nxf4 Rxd1 28. Rxd1 Rxf4 29. Rd4 Rf3 30. Rd8+ Kh7 31. Rd7 Rxc3 32. Rxc7 Ra3 33. c5 1/2-1/2

[Event "FIDE WCCC U12 2018"]
[Site "Santiago de Compostela"]
[Date "2018.11.11"]
[Round "7"]
[White "Suleymanli, Suleyman"]
[Black "Yoon, Jacob D"]
[Result "1-0"]
[ECO "A40"]
[WhiteElo "1882"]
[BlackElo "2048"]
[Annotator "NA RC"]
[PlyCount "94"]
[EventDate "2018.11.04"]
[EventType "swiss"]
[EventCountry "ESP"]
[SourceTitle "playchess.com"]
[Source "ChessBase"]
[SourceQuality "1"]
[TimeControl "40/5400+30:1800+30"]

1. d4 e6 2. c4 b6 3. Nc3 Bb4 4. Nf3 Bb7 5. e3 f5 6. Be2 Nf6 7. O-O Bxc3 8. bxc3 O-O {[%emt 0:00:13] A85: Dutch Defence: 2 c4 Nf6 3 Nc3} 9. Ne5 Nc6 $146 ({Predecessor:} 9... d6 10. Nd3 c5 11. a4 a5 12. f3 Qe7 13. Nf2 {1-0 (52) Mueller,R (2337)-Werner,C (2315) Germany 2005}) 10. Bf3 Ne4 11. Nxc6 Bxc6 12. Qd3 Bb7 13. Ba3 Rf6 14. d5 Rh6 15. g3 Nf6 16. Qd4 (16. Rad1 $15) 16... Qe8 17. Qf4 e5 18. Qxf5 Ba6 19. e4 Bxc4 20. Rfe1 d6 21. Bc1 Rg6 22. h4 Bb5 23. Qe6+ Qxe6 24. dxe6 h5 25. Bg5 Bc4 26. e7 Be6 (26... Re8 $11) 27. Bd1 Nh7 28. Bxh5 Nxg5 29. hxg5 Bf7 30. Bxg6 Bxg6 31. f4 Kf7 32. f5 Bh5 33. Kf2 Kxe7 34. g6 Kf6 35. Rh1 Kg5 {[%emt 0:00:01] [#]} 36. g4 $1 Bxg4 37. Rag1 d5 38. Rg3 dxe4 39. Rhg1 Rd8 40. Rxg4+ Kxf5 41. Rg5+ Kf6 42. Ke3 Rd3+ 43. Kxe4 Rxc3 44. Rf5+ Ke6 45. Rxe5+ Kd6 46. Rd1+ Kc6 47. Re7 $18 Rc2 1-0